 Dungeon Crawl Stone Soup version 0.25.0-1-g7eea58d (webtiles) character file.

Game seed: 4175954960671806664

3361 brinewave the Fighter (level 9, -2/90 HPs)
             Began as a Minotaur Monk on June 16, 2020.
             Was an Elder of Makhleb.
             Slain by an orc knight
             ... wielding a cursed +0 war axe
              (5 damage)
             ... in a bailey.
             The game lasted 00:19:52 (4231 turns).

brinewave the Fighter (Minotaur Monk)               Turns: 4231, Time: 00:19:52

Health: -2/90      AC:  7    Str: 24    XL:     9   Next: 73%
Magic:  8/8        EV: 13    Int:  7    God:    Makhleb [****..]
Gold:   213        SH:  5    Dex: 14    Spells: 8/8 levels left

rFire    . . .     SeeInvis .     - Unarmed
rCold    . . .     Gourm    .   (no shield)
rNeg     . . .     Faith    .   m - +0 leather armour
rPois    .         Spirit   .   (helmet restricted)
rElec    .         Reflect  +   (no cloak)
rCorr    .         Harm     .   (no gloves)
MR       .....                  (no boots)
Stlth    ++........             t - amulet of reflection
HPRegen  0.25/turn              h - +4 ring of protection
MPRegen  0.11/turn              s - +6 ring of strength

@: no status effects
A: retaliatory headbutt, horns 2
a: Minor Destruction, Lesser Servant of Makhleb, Major Destruction, Renounce
Religion


You were in a bailey.
You worshipped Makhleb.
Makhleb was greatly pleased with you.
You were not hungry.

You visited 2 branches of the dungeon, and saw 10 of its levels.
You also visited: Sewer and Bailey.

You collected 213 gold pieces.

Inventory:

Hand Weapons
 E - a +1 shortbow of flaming
Missiles
 e - 121 arrows
 k - 11 poisoned darts (quivered)
 l - 4 javelins
 n - 2 boomerangs
 y - 7 curare-tipped darts
 B - 2 boomerangs of dispersal
 F - 17 bolts
Armour
 a - a +0 robe
 m - a +0 leather armour (worn)
Jewellery
 h - a +4 ring of protection (left hand)
 s - a +6 ring of strength (right hand)
 t - an amulet of reflection (around neck)
 C - an uncursed ring of resist corrosion
Scrolls
 g - a scroll of remove curse
 j - 2 scrolls of teleportation
 r - 2 scrolls of enchant weapon
 u - a scroll of brand weapon {unknown}
 x - a scroll of fog {unknown}
Potions
 c - 2 potions of cancellation {unknown}
 d - a potion of invisibility {unknown}
 f - 2 potions of curing {unknown}
 i - a potion of stabbing {unknown}
 o - a potion of haste
 p - 2 potions of heal wounds {unknown}
 q - 2 potions of flight
 v - a potion of magic {unknown}
 w - a potion of brilliance {unknown}
 z - a potion of might {unknown}
 A - 2 potions of resistance {unknown}
Comestibles
 b - 11 rations
 D - 9 chunks of flesh


   Skills:
 + Level 12.0 Fighting
 - Level 3.2 Dodging
 - Level 1.5 Stealth
 + Level 11.1 Unarmed Combat


You had 8 spell levels left.
You didn't know any spells.
Your spell library contained the following spells:

 Spells                   Type           Power        Failure   Level  Hunger
 Confusing Touch          Hex            #.......     85%         3    ####...
 Gell's Gravitas          Tloc           #.........   85%         3    ####...
 Petrify                  Tmut/Erth      #.......     99%         4    #####..
 Metabolic Englaciation   Hex/Ice        #.........   100%        5    ######.
 Yara's Violent Unravell  Hex/Tmut       #.........   100%        5    ######.


Dungeon Overview and Level Annotations

Branches:
Dungeon (9/15)               Lair (1/6) D:8           Sewer (visited)
 Bailey (1/1)
 Temple: D:4-7          Orc: D:9-12

Altars:
Kikubaaqudgha
Makhleb
Qazlal
Sif Muna
Trog
The Shining One

Shops:
D:4 [

Annotations:
D:4 1 runed translucent door, jorbis's ghost, amateur CeAM


Innate Abilities, Weirdness & Mutations

You reflexively headbutt those who attack you in melee.
You have a pair of horns on your head.


Message History

You hit the orc knight.
The orc knight is severely wounded.
You punch the orc knight! Your headbutt misses the orc knight.
The orc knight is almost dead.
The orc knight hits you with a cursed +0 war axe!
* * * LOW HITPOINT WARNING * * *
You completely miss the orc knight. Your headbutt misses the orc knight.
The orc knight is almost dead.
The orc knight barely misses you.
You barely miss the orc knight. You headbutt the orc knight.
The orc knight is almost dead.
You hit the orc knight but do no damage.
You punch the orc knight, but do no damage.
The orc knight is almost dead.
The orc knight hits you with a cursed +0 war axe!
* * * LOW HITPOINT WARNING * * *
You closely miss the orc knight.
The orc knight is almost dead.
The orc knight hits you with a cursed +0 war axe.
You die...

.K≈≈.......≈≈KK'.
##≈≈.......≈≈###.
.'≈≈.......≈≈K.'.
##≈≈.......≈≈###.
.'≈≈.......≈≈'.'
##≈≈.......≈≈###
##≈.......≈##
####'''####
#...o@# #∩?...$∩#
#...8...#
##.....## ###+###


You could see an orc knight.

Vanquished Creatures
  3 blink frogs (Lair:1)
  2 yaks (D:8)
  A water moccasin (Lair:1)
  An orc warrior (D:8)
  An ice beast (D:8)
  4 black bears
  2 ogres
  2 centaurs (D:8)
  A big kobold (Sewer)
  8 bullfrogs
  A scorpion (D:6)
  A wight (D:6)
  2 howler monkeys
  3 crimson imps
  A centaur zombie (D:6)
  A bullfrog zombie (D:5)
  4 hounds
  An orc priest (D:8)
  2 orc wizards
  Jessica (D:3)
  A gnoll shaman (D:9)
  5 worker ants
  7 gnolls
  7 adders
  3 river rats (Sewer)
  A shadow imp (D:8)
  3 adder zombies
  3 worms (D:6)
  9 orcs
  2 giant cockroaches
  7 hobgoblins
  13 jackals
  9 kobolds
  3 quokkas
  8 bats
  7 goblins
  2 goblin skeletons (D:9)
  A goblin zombie (D:9)
  2 hobgoblin zombies (D:9)
  A kobold skeleton (D:9)
  A quokka skeleton (D:9)
  8 rats
  A fungus (D:8)
146 creatures vanquished.

Vanquished Creatures (others)
  5 fungi
5 creatures vanquished.

Grand Total: 151 creatures vanquished

Notes
Turn   | Place    | Note
-------+----------+-------------------------------------------
     0 | D:1      | brinewave the Minotaur Monk began the quest for the Orb.
     0 | D:1      | Reached XP level 1. HP: 19/19 MP: 0/0
   220 | D:1      | Reached skill level 4 in Fighting
   224 | D:1      | Reached XP level 2. HP: 27/27 MP: 1/1
   490 | D:2      | Found an ancient bone altar of Kikubaaqudgha.
   498 | D:2      | Reached XP level 3. HP: 33/34 MP: 2/2
   756 | D:3      | Noticed Jessica
   757 | D:3      | Found a glowing golden altar of the Shining One.
   779 | D:3      | Killed Jessica
   899 | D:3      | Found a burning altar of Makhleb.
   903 | D:3      | Became a worshipper of Makhleb the Destroyer
   903 | D:3      | Reached * piety under Makhleb
   903 | D:3      | Reached ** piety under Makhleb
   908 | D:3      | Reached XP level 4. HP: 41/41 MP: 3/3
   967 | D:3      | Found a faded altar of an unknown god.
  1091 | D:4      | Found a runed translucent door.
  1091 | D:4      | Noticed jorbis's ghost (amateur CeAM)
  1252 | D:4      | Reached skill level 5 in Fighting
  1379 | D:4      | Found Gunnem's Armour Boutique.
  1425 | D:5      | Entered Level 5 of the Dungeon
  1473 | D:5      | Reached skill level 5 in Unarmed Combat
  1473 | D:5      | Reached XP level 5. HP: 27/48 MP: 4/4
  1725 | D:5      | Reached skill level 6 in Fighting
  1894 | D:5      | Reached XP level 6. HP: 53/58 MP: 5/5
  1979 | D:6      | Found a glowing drain.
  1982 | D:6      | Reached skill level 7 in Fighting
  2128 | D:6      | Reached XP level 7. HP: 66/66 MP: 6/6
  2138 | Sewer    | Entered a sewer
  2345 | Sewer    | Found a glowing silver altar of Zin.
  2464 | D:6      | Reached *** piety under Makhleb
  2464 | D:6      | Reached skill level 8 in Fighting
  2674 | D:6      | Reached XP level 8. HP: 62/75 MP: 7/7
  2748 | D:7      | Found a stormy altar of Qazlal.
  2908 | D:8      | Reached skill level 9 in Fighting
  3204 | D:8      | Found a staircase to the Lair.
  3218 | D:8      | Reached skill level 10 in Fighting
  3256 | D:8      | Reached XP level 9. HP: 40/86 MP: 8/8
  3500 | D:8      | Reached skill level 10 in Unarmed Combat
  3566 | Lair:1   | Entered Level 1 of the Lair of Beasts
  3573 | Lair:1   | Reached **** piety under Makhleb
  3573 | Lair:1   | Reached skill level 11 in Fighting
  3591 | Lair:1   | Noticed a six-headed hydra
  3859 | D:9      | Found a bloodstained altar of Trog.
  3861 | D:9      | Found a shimmering blue altar of Sif Muna.
  4058 | D:9      | Found a glowing golden altar of the Shining One.
  4099 | D:9      | Found a flagged portal.
  4117 | D:9      | Reached skill level 12 in Fighting
  4146 | Bailey   | Entered a bailey
  4221 | Bailey   | Noticed an orc knight
  4230 | Bailey   | HP: 2/90 [orc knight/cursed +0 war axe (12)]
  4231 | Bailey   | Slain by an orc knight

Illustrated notes

Levels and vault maps discovered:
D:1:      psy_arrival_radial02, layout_loops_corners
D:2:      lemuel_upstairs_altar, layout_basic, nicolae_overflow_hidden_temple
D:3:      layout_rooms, old_standard_altar, marbit_many_paths,
          chequers_ecumenical_altar_twisty, minmay_misc_feat_tiny, uniq_jessica
D:4:      layout_basic, minmay_temple_entry_tees, serial_shops, shop,
          hellmonk_ghost_happy_afterlife, first_ration,
          kennysheep_generic_room_13
D:5:      layout_cave_pods, kennysheep_mini, dk_noncrumbling_3
D:6:      minmay_chambers_of_threes, layout_loops_ring,
          cheibrodos_sewer_entry_drain, hangedman_abyss_or_decor_lesser_grid
D:7:      minmay_the_grid_plus [minmay_the_grid_zigzag_pyramid,
          minmay_the_grid_tri_star, minmay_the_grid_small_cups,
          minmay_the_grid_eight, minmay_the_grid_prize_shrinking_boxes],
          layout_basic, grunt_temple_overflow_gold_and_silver,
          nicolae_qazlal_general_emergency, vehumet_statue,
          ashenzari_conservatory_becter
D:8:      layout_gridville, nicolae_ru_path_of_blood,
          due_lair_maze_entry_diamond, the_bakery, nzn_random_ring
D:9:      layout_gridville, chequers_temple_overflow_statue_of_worship,
          enter_bailey_3, nicolae_tso_besieged_by_evil, uniq_erolcha
Lair:1:   layout_loops_ring, serial_bayou, serial_bayou_pond_e,
          serial_bayou_pond_c, serial_bayou_lake_a, serial_bayou_pond_d,
          cheibrodos_lair_lostbears
Bailey:   bailey_axe_3, bailey

Skill      XL: |  1  2  3  4  5  6  7  8  9 |
---------------+----------------------------+-----
Fighting       | 4 5 6 7 8 10 12 | 12.0
Unarmed Combat | 4 5 6 8 9 11 | 11.1
Dodging        | |  3.2
Stealth        | |  1.5

Action                   |  1- 3 |  4- 6 |  7- 9 || total
-------------------------+-------+-------+-------++-------
Melee: Unarmed           |    66 |    84 |   231 ||   381
       Headbutt          |    10 |    20 |    56 ||    86
       Punch             |     2 |     3 |     9 ||    14
Throw: Dart              |       |       |     2 ||     2
  Use: Scroll            |       |     7 |     4 ||    11
 Stab: Sleeping          |     3 |     1 |     1 ||     5
  Eat: Chunk             |       |     4 |     7 ||    11
Armor: Robe              |    12 |     2 |       ||    14
       Leather armour    |       |    14 |    58 ||    72
Dodge: Dodged            |    55 |    55 |   160 ||   270
Block: Other             |       |       |    13 ||    13
       Reflection        |       |       |    12 ||    12
